 Dungeon Crawl Stone Soup version 0.29-a0-284-gf9362112df (webtiles) character file.

Game seed: 15712781498594985697

108 freelancePsychic the Magician (level 5, 0/38 HPs)
             Began as a Djinni Necromancer on Mar 15, 2022.
             Killed from afar by an orc wizard (2 damage)
             ... with a puff of flame
             ... on level 1 of the Dungeon on Mar 17, 2022.
             The game lasted 00:03:19 (2958 turns).

freelancePsychic the Magician (Djinni Necromancer)  Turns: 2958, Time: 00:03:20

Health: 0/38       AC:  2    Str:  7    XL:     5   Next: 12%
Gold:   81         EV: 12    Int: 19    God:
                   SH:  0    Dex: 13

rFire   + + .      SeeInvis .   (no weapon)
rCold   x . .      Faith    .   (no shield)
rNeg    . . .      Spirit   .   a - +0 robe
rPois   ∞          Reflect  .   (no helmet)
rElec   .          Harm     .   (no cloak)
rCorr   .          Rampage  .   (no gloves)
Will    .....                   (boots unavailable)
Stlth   ++........              (no amulet)
HPRegen 0.12/turn               (no ring)
MPRegen 0.00/turn               (no ring)

@: flying
A: sickness immunity, fire resistance 2, cold vulnerability 1, float, innate
caster, HP casting, extra vitality 1
a: no special abilities


You were on level 1 of the Dungeon.
You visited 1 branch of the dungeon, and saw 2 of its levels.

You collected 81 gold pieces.

Inventory:

Missiles
 e - 77 stones
Armour
 a - a +0 robe (worn)
 g - a +0 kite shield
Scrolls
 b - a scroll of brand weapon {unknown}
 d - a scroll of identify {unknown}
 f - 2 scrolls of enchant weapon {unknown}
Potions
 c - 2 potions of flight {unknown}


   Skills:
 + Level 2.2 Fighting
 - Level 2.1 Dodging
 - Level 1.5 Stealth
 * Level 4.3 Spellcasting


You couldn't memorise any spells.
You knew the following spells:

 Your Spells              Type           Power      Damage    Failure   Level
a - Pain                  Necr           80%        1d8       2%          1
b - Animate Skeleton      Necr           40%        N/A       2%          1
c - Vampiric Draining     Necr           20%        2d7       7%          3
d - Animate Dead          Necr           10%        N/A       22%         4
e - Agony                 Necr           20%        N/A       52%         5
f - Sandblast             Erth           40%        2d10      2%          1
g - Blink                 Tloc           40%        N/A       3%          2
Your spell library was empty.

Dungeon Overview and Level Annotations

Branches:
Dungeon (2/15)

Altars:

Annotations:
D:2 Sigmund


Innate Abilities, Weirdness & Mutations

You are immune to sickness and miasma.
You are immune to poison.
Your flesh is very heat resistant. (rF++)
You are vulnerable to cold. (rC-)
You float through the air rather than walking.
You learn spells naturally, not from books.
Your magical power is your life essence.
You have superior vitality. (+4 MHP)


Message History

The orc wizard hits you with a +0 dagger.
Casting: Pain (safe; 2% risk of failure)
Confirm with . or Enter, or press ? or * to list all spells.
Aiming: Pain (safe; 2% risk of failure)
Press: ? - help, Shift-Dir - straight line, f/p - orc wizard
Aim: an orc wizard, wielding a +0 dagger and wearing a +2 robe of the Archmagi (severely wounded, chance to affect: 78%)
The orc wizard writhes in agony.
The orc wizard hits you with a +0 dagger.
Casting: Pain (safe; 2% risk of failure)
Confirm with . or Enter, or press ? or * to list all spells.
Aiming: Pain (safe; 2% risk of failure)
Press: ? - help, Shift-Dir - straight line, f/p - orc wizard
Aim: an orc wizard, wielding a +0 dagger and wearing a +2 robe of the Archmagi (severely wounded, chance to affect: 78%)
The orc wizard barely resists.
The orc wizard gestures at you while chanting.
The magic dart hits you!
* * * LOW HITPOINT WARNING * * *
Casting: Pain (safe; 2% risk of failure)
Confirm with . or Enter, or press ? or * to list all spells.
Aiming: Pain (safe; 2% risk of failure)
Press: ? - help, Shift-Dir - straight line, f/p - orc wizard
Aim: an orc wizard, wielding a +0 dagger and wearing a +2 robe of the Archmagi (severely wounded, chance to affect: 78%)
The orc wizard barely resists.
* * * LOW HITPOINT WARNING * * *
The orc wizard hits you with a +0 dagger.
* * * LOW HITPOINT WARNING * * *
Casting: Pain (safe; 2% risk of failure)
Confirm with . or Enter, or press ? or * to list all spells.
Okay, then.
Casting: Pain (safe; 2% risk of failure)
Confirm with . or Enter, or press ? or * to list all spells.
Aiming: Sandblast (safe; 2% risk of failure)
Press: ? - help, Shift-Dir - straight line, f/p - orc wizard
Aim: an orc wizard, wielding a +0 dagger and wearing a +2 robe of the Archmagi (severely wounded, 76% to hit)
The blast of sand hits the orc wizard but does no damage.
The orc wizard is severely wounded.
* * * LOW HITPOINT WARNING * * *
The orc wizard gestures at you while chanting.
The puff of flame hits you. You resist.
You die...

...###...##
#..#......++.........
.#.##....#
##.#......##....#####
..###...##
#........'......#...
..##...##
##.......######.##.#
.##....#
#..#..##.....#....#
##....##
#..#..##.###.######
.....##
#..#...............
....##
#o.##.##.###.######
##### #.@##.##.# #.#
# #####.##.# #.# #
#.##.# #.# #
#.##.###.# #
#.##.#...# #
#.##.##### # #.##.# #
#.##.# #
#.##.##########


You could see an orc wizard.

Vanquished Creatures
  An orc priest (D:2)
  Jessica (D:2)
  A worm (D:2)
  A dart slug (D:1)
  An orc (D:2)
  5 bats
  9 endoplasms
  2 goblins (D:1)
  7 hobgoblins
  2 kobolds
  2 quokkas
  4 ball pythons
  4 frilled lizards
  5 rats
45 creatures vanquished.

Notes
Turn   | Place    | Note
-------+----------+-------------------------------------------
     0 | D:1      | freelancePsychic the Djinni Necromancer began the quest for
                  | the Orb.
     0 | D:1      | Reached XP level 1. HP: 15/15 MP: 0/0
   142 | D:1      | Reached XP level 2. HP: 4/22 MP: 0/0
   784 | D:1      | Reached skill level 1 in Fighting
  1246 | D:1      | Reached XP level 3. HP: 18/27 MP: 0/0
  1246 | D:1      | Learned a level 1 spell: Sandblast
  2276 | D:2      | Noticed Sigmund
  2628 | D:2      | Reached XP level 4. HP: 27/32 MP: 0/0
  2683 | D:2      | Reached skill level 4 in Spellcasting
  2711 | D:2      | Noticed Jessica
  2731 | D:2      | Killed Jessica
  2950 | D:2      | Reached XP level 5. HP: 35/38 MP: 0/0
  2950 | D:2      | Learned a level 2 spell: Blink
  2958 | D:1      | Killed from afar by an orc wizard

Illustrated notes

Levels and vault maps discovered:
D:1:      arrival_zaba_pyramid, layout_basic, minmay_tromino_mix6
D:2:      cheibrodos_pilgrimage, layout_basic, minmay_misc_feat_secret_circle,
          uniq_jessica, uniq_sigmund

Skill      XL: |  1  2  3  4 |
---------------+-------------+-----
Fighting       | 1 2 |  2.2
Spellcasting   | 4 |  4.3
Dodging        | |  2.1
Stealth        | |  1.5

Action                   |  1- 3 |  4- 6 || total
-------------------------+-------+-------++-------
Melee: Unarmed           |     1 |       ||     1
 Cast: Pain              |    47 |     4 ||    51
       Sandblast         |    24 |    11 ||    35
 Stab: Sleeping          |     1 |       ||     1
Armor: Robe              |     5 |     1 ||     6
Dodge: Dodged            |    14 |     4 ||    18

Table legend: (Time is in decaauts)
 A = Elapsed time spent in this place.
 B = Non-inter-level travel time spent in this place.
 C = Inter-level travel time spent in this place.
 D = Time resting spent in this place.
 E = Time spent auto-exploring this place.
 F = Levels seen in this place.
 G = Mean time per level.
                   A        B        C        D        E       F      G
               +--------+--------+--------+--------+--------+-----+--------+
         Total |   2961 |   2844 |    117 |    323 |   2248 |   2 | 1480.5 |
       Dungeon |   2961 |   2844 |    117 |    323 |   2248 |   2 | 1480.5 |
               +--------+--------+--------+--------+--------+-----+--------+

Top non-repeatable levels by time:
     D:1: 2577 daAuts
     D:2: 384 daAuts
